 Dungeon Crawl Stone Soup version 0.20-a0-555-gf6ae02d (webtiles) character file.

124 HereIgoKillingAgain the Skirmisher (level 5, -2/51 HPs)
             Began as a Hill Orc Fighter on Feb 4, 2017.
             Killed from afar by an orc wizard (7 damage)
             ... with a puff of frost
             ... on level 4 of the Dungeon.
             The game lasted 00:01:49 (2182 turns).

HereIgoKillingAgain the Skirmisher (HOFi)           Turns: 2182, Time: 00:01:49

Health: -2/51      AC:  6    Str: 20    XL:     5   Next: 8%
Magic:  14/14      EV:  7    Int:  8    God:
Gold:   159        SH:  0    Dex: 10    Spells: 4/4 levels left

rFire    . . .     SeeInvis .   d - +0 short sword (speed)
rCold    . . .     Gourm    .   b - +0 scale mail
rNeg     . . .     Faith    .   c - +0 shield
rPois    .         Spirit   .   (no helmet)
rElec    .         Reflect  .   (no cloak)
rCorr    .         Harm     .   (no gloves)
MR       .....                  (no boots)
Stlth    ..........             (no amulet)
Regen    0.2/turn               (no ring)
                                q - ring of magical power (curse)

@: confused, flying
A: no striking features
a: no special abilities


You were on level 4 of the Dungeon.
You were not hungry.

You visited 1 branch of the dungeon, and saw 4 of its levels.

You collected 159 gold pieces.

Inventory:

Hand Weapons
 d - a +0 short sword of speed (weapon)
Armour
 b - a +0 scale mail (worn)
 c - a +0 shield (worn)
Jewellery
 a - an uncursed ring of fire {unknown}
 q - a cursed ring of magical power (left hand)
Scrolls
 e - 2 scrolls of immolation {unknown}
 k - a scroll of blinking {unknown}
 l - 3 scrolls of enchant armour {unknown}
 m - 2 scrolls of identify {unknown}
 r - 2 scrolls of remove curse {unknown}
 t - a scroll of noise {unknown}
Potions
 i - 3 potions of flight
 j - a potion of curing {unknown}
 n - a potion of brilliance {unknown}
 o - a potion of magic {unknown}
 p - a potion of cure mutation {unknown}
 s - 2 potions of lignification {unknown}
Comestibles
 f - 5 bread rations
 g - 7 fruits
 h - 3 royal jellies


   Skills:
 + Level 6.6 Fighting
   Level 2.9 Axes
 - Level 3.2 Armour
 - Level 3.2 Shields


You had 4 spell levels left.
You didn't know any spells.

Dungeon Overview and Level Annotations

Branches:
Dungeon (4/15)
 Temple: D:4-7

Altars:
Ashenzari


Message History

The gnoll hits you from afar with a spear.
* * * LOW HITPOINT WARNING * * *
The orc wizard hits you but does no damage.
The jackal bites you.
* * * LOW HITPOINT WARNING * * *
Unknown command.
You're too confused to move!
The orc wizard hits you but does no damage.
The orc barely misses you.
The orc wizard hits you but does no damage.
The gnoll hits you from afar with a spear.
* * * LOW HITPOINT WARNING * * *
The orc barely misses you.
The jackal bites you but does no damage.
The gnoll hits you but does no damage.
You hit the orc wizard.
The orc wizard is lightly wounded.
The orc wizard gestures at you while chanting.
The puff of frost hits you!
You die... ≈≈....≈≈≈≈≈ ≈....≈≈≈≈≈ ≈....≈≈≈≈≈ ....... >..... #h..# #hgg#

#oo.+ #@o.####
#oh...<#.
###........
#<.%.......
#.........#
#.....(.....
#...!.....>..
#.............
##............


You could see 2 orc wizards, 2 gnolls, 2 orcs and 3 jackals.

Vanquished Creatures
  Terence (D:3)
  2 adders (D:2)
  An ooze (D:3)
  A worm (D:2)
  4 dart slugs
  A leopard gecko (D:3)
  14 bats
  3 giant cockroaches
  7 goblins
  10 hobgoblins
  A jackal (D:4)
  3 quokkas
  4 frilled lizards
  6 kobolds
  3 rats
61 creatures vanquished.

Notes
Turn   | Place    | Note
-------+----------+-------------------------------------------
     0 | D:1      | HereIgoKillingAgain the Hill Orc Fighter began the quest for the Orb.
     0 | D:1      | Reached XP level 1. HP: 19/19 MP: 1/1
   101 | D:1      | Reached skill level 4 in Fighting
   119 | D:1      | Reached XP level 2. HP: 27/27 MP: 2/2
   658 | D:1      | Reached XP level 3. HP: 35/35 MP: 3/3
   713 | D:1      | Reached skill level 5 in Fighting
  1158 | D:2      | Reached XP level 4. HP: 44/44 MP: 4/4
  1540 | D:3      | Reached skill level 6 in Fighting
  1627 | D:3      | Found a shattered altar of Ashenzari.
  2012 | D:3      | Noticed Terence
  2022 | D:3      | Killed Terence
  2022 | D:3      | Reached XP level 5. HP: 46/51 MP: 5/5
  2182 | D:4      | Killed from afar by an orc wizard

Vault maps used:
D:1:      minmay_arrival_semitransparent, minmay_split_cup_large
D:2:      first_bread, lightli_corner_chamber
D:3:      nicolae_overflow_crystal_walls, supply_closet_lemuel, uniq_terence
D:4:      lemuel_castle_with_subvaults, lemuel_round_altar,
          nemelex_xobeh_ov_fountains_minmay, minitemple, temple_hall,
          minmay_fire_ice_demons

Skill      XL: |  1  2  3  4 |
---------------+-------------+-----
Fighting       | 4 5 6 |  6.6
Axes           | |  2.9
Armour         | |  3.2
Shields        | |  3.2

Action                   |  1- 3 |  4- 6 || total
-------------------------+-------+-------++-------
Melee: War axe           |   121 |    88 ||   209
       Short sword       |       |    13 ||    13
  Use: Potion            |       |     2 ||     2
  Eat: Bread ration      |       |     1 ||     1
Armor: Scale mail        |    57 |    74 ||   131
Dodge: Dodged            |    43 |    41 ||    84
Block: Shield            |    67 |    64 ||   131
